 Dungeon Crawl Stone Soup version 0.18.1-5-g4a78601 (webtiles) character file.

150 IcyTea the Slasher (level 5, 0/49 HPs)
             Began as a Hill Orc Fighter on May 11, 2016.
             Was an Initiate of Beogh.
             Slain by an orc priest
             ... wielding a +0 short sword
              (1 damage)
             ... on level 3 of the Dungeon.
             The game lasted 00:09:01 (2151 turns).

IcyTea the Slasher (Hill Orc Fighter)               Turns: 2151, Time: 00:09:02

Health: 0/49       AC:  9    Str: 24      XL:     5   Next: 32%
Magic:  5/5        EV:  5    Int:  7 (8)  God:    Beogh [......]
Gold:   87         SH: 10    Dex: 11      Spells: 0 memorised, 4 levels left

rFire  . . .     SeeInvis .     a - +0 long sword
rCold  . . .     Gourm    .     k - +0 chain mail
rNeg   . . .     Faith    .     c - +0 shield
rPois  +         Spirit   .     (no helmet)
rElec  .         Dismiss  .     (no cloak)
rCorr  .         Reflect  .     (no gloves)
SustAt .         Harm     .     (no boots)
MR     .....                    (no amulet)
Stlth  ..........               (no ring)
                                (no ring)

@: mighty, not resistant to hostile enchantments, extremely unstealthy
A: deterioration 1, poison resistance, robust 1
a: Renounce Religion


You were on level 3 of the Dungeon.
You worshipped Beogh.
Beogh was noncommittal.
You were not hungry.

You visited 1 branch of the dungeon, and saw 3 of its levels.

You collected 87 gold pieces.

Inventory:

Hand Weapons
 a - a +0 long sword (weapon)
Missiles
 l - a throwing net (quivered)
Armour
 c - a +0 shield (worn)
 k - a +0 chain mail (worn)
Wands
 m - a wand of iceblast (4/15)
Scrolls
 e - a scroll of magic mapping
 g - 2 scrolls of teleportation
 i - 2 scrolls of identify
Potions
 b - a potion of cancellation
Comestibles
 f - 2 bread rations
 h - 3 beef jerkies
 j - a slice of pizza


   Skills:
 - Level 3.6 Fighting
 + Level 5.9 Long Blades
 - Level 3.2 Armour
 - Level 3.2 Shields


You had 4 spell levels left.
You didn't know any spells.

Dungeon Overview and Level Annotations

Branches:
Dungeon (3/15)

Altars:
Kikubaaqudgha
Makhleb
Pakellas
Ru
Sif Muna
Xom


Innate Abilities, Weirdness & Mutations

Your body sometimes deteriorates upon taking damage.
Your system is resistant to poisons.
You are robust (+10% HP).


Message History

Something hits you but does no damage. x2
The orc priest hits you but does no damage.
You block the goblin's attack. You block the orc priest's attack.
You hit the orc priest.
The orc priest is lightly wounded.
Something hits you but does no damage. x2; You block the goblin's attack.
The orc priest hits you from afar with a trident.
* * * LOW HITPOINT WARNING * * *
You block the orc priest's attack.
You closely miss the orc priest.
The orc priest is lightly wounded.
Something hits you but does no damage. The goblin hits you but does no damage.
The orc priest looks braver for a moment.
You block the orc priest's attack. Something hits you but does no damage.
You hit the orc priest.
The orc priest is lightly wounded.
You block the goblin's attack.
The orc priest hits you with a short sword.
You die...
Beogh appreciates the orc priest's killing of a heretic priest.

.............
#$........##..........#
#.........##..........#
#.........##......o)..#
#.........##......).).#
#.........##.......[..#
#.........##..........#
#.....{g..##..........#
#.....@o............#.#
########o............_.
#....#########.# #....#
#... #o...# #... #....#
#... ###o...# #...
#..o...# #... #...####
####


You could see 2 orc priests and a goblin.

Vanquished Creatures
  An orc priest (D:3)
  An orc wizard (D:2)
  4 gnolls (D:3)
  2 adders
  3 dart slugs (D:1)
  2 giant geckos (D:2)
  8 bats
  A giant cockroach (D:2)
  5 goblins
  6 hobgoblins
  4 jackals (D:1)
  A quokka (D:3)
  A ball python (D:2)
  3 giant newts
  2 kobolds
  8 rats
52 creatures vanquished.

Vanquished Creatures (others)
  2 oozes (D:3)
  3 orcs (D:3)
  2 bats (D:3)
7 creatures vanquished.

Grand Total: 59 creatures vanquished

Notes
Turn   | Place    | Note
--------------------------------------------------------------
     0 | D:1      | IcyTea the Hill Orc Fighter began the quest for the Orb.
     0 | D:1      | Reached XP level 1. HP: 19/19 MP: 1/1
    27 | D:1      | Gained mutation: Your body sometimes deteriorates upon taking damage. [potion of mutation]
    27 | D:1      | Gained mutation: You are robust (+10% HP). [potion of mutation]
    27 | D:1      | Gained mutation: Your system is resistant to poisons. [potion of mutation]
   245 | D:1      | Reached skill level 3 in Long Blades
   245 | D:1      | Reached XP level 2. HP: 28/28 MP: 2/2
   431 | D:1      | Reached XP level 3. HP: 34/34 MP: 3/3
   730 | D:2      | Found a deep blue altar of Sif Muna.
   765 | D:2      | Found a shimmering altar of Xom.
   767 | D:2      | Reached skill level 4 in Long Blades
   974 | D:2      | Found a burning altar of Makhleb.
  1004 | D:2      | Found a sacrificial altar of Ru.
  1020 | D:2      | Reached XP level 4. HP: 41/42 MP: 4/4
  1120 | D:2      | Reached skill level 5 in Long Blades
  1281 | D:2      | Found an ancient bone altar of Kikubaaqudgha.
  1461 | D:3      | Found a faded altar to an unknown god.
  1658 | D:3      | Reached XP level 5. HP: 28/49 MP: 5/5
  1927 | D:3      | Became a worshipper of Beogh the Brigand
  1934 | D:3      | Found an oddly glowing altar of Pakellas.
  2149 | D:3      | HP: 1/49 [orc priest/trident (6)]
  2151 | D:3      | Slain by an orc priest

Skill      XL: |  1  2  3  4 |
---------------+-------------+-----
Long Blades    | 3 4 5 |  5.9
Fighting       | |  3.6
Armour         | |  3.2
Shields        | |  3.2

Action                   |  1- 3 |  4- 6 || total
-------------------------+-------+-------++-------
Melee: Long sword        |   112 |    95 ||   207
Invok: Convert to Beogh  |       |     1 ||     1
  Use: Potion            |     3 |     2 ||     5
       Scroll            |     2 |       ||     2
 Stab: Paralysed         |     1 |       ||     1
  Eat: Chunk             |       |     4 ||     4
Armor: Scale mail        |    15 |       ||    15
       Chain mail        |    35 |    78 ||   113
Dodge: Dodged            |    34 |    27 ||    61
Block: Shield            |    49 |    74 ||   123
